 Dungeon Crawl Stone Soup version 0.29-a0-284-gf9362112df (webtiles) character file.

Game seed: 7202004498174308915

62 sammy202020 the Skirmisher (level 3, 0/29 HPs)
             Began as a Demonspawn Berserker on Mar 31, 2022.
             Was a Believer of Trog.
             Slain by a gnoll
             ... wielding a +0 spear
              (7 damage)
             ... on level 2 of the Dungeon.
             The game lasted 00:02:57 (2274 turns).

sammy202020 the Skirmisher (Demonspawn Berserker)   Turns: 2274, Time: 00:02:58

Health: 0/29       AC:  5    Str: 19    XL:     3   Next: 85%
Magic:  3/3        EV: 12    Int:  8    God:    Trog [**....]
Gold:   74         SH:  0    Dex: 12    Spells: 2/2 levels left

rFire   . . .      SeeInvis .   a - +0 hand axe
rCold   . . .      Faith    .   (no shield)
rNeg    + . .      Spirit   .   b - +1 animal skin
rPois   .          Reflect  .   (no helmet)
rElec   .          Harm     .   (no cloak)
rCorr   .          Rampage  .   (no gloves)
Will    .....                   (no boots)
Stlth   +.........              (no amulet)
HPRegen 0.09/turn               c - ring of positive energy
MPRegen 0.08/turn               (no ring)

@: no status effects
A: molten scales 1
a: Renounce Religion, Berserk, Trog's Hand


You were on level 2 of the Dungeon.
You worshipped Trog.
Trog was pleased with you.
You visited 1 branch of the dungeon, and saw 2 of its levels.

You collected 74 gold pieces.

Inventory:

Hand Weapons
 a - a +0 hand axe (weapon)
 l - the +2 short sword "Purghytu" {antimagic, +Blink rC+++ Str+5 Dex-3}
   (You found it on level 2 of the Dungeon)

   It reduces the magical energy of the wielder, and disrupts the spells and
   magical abilities of those it strikes.
   Natural abilities and divine invocations are not affected.
   Str:       It affects your strength (+5).
   Dex:       It affects your dexterity (-3).
   rC:        It renders you almost immune to cold.
   +Blink:    It lets you blink.
Missiles
 g - 5 poisoned darts (quivered)
 j - 5 javelins
Armour
 b - a +1 animal skin (worn)
Jewellery
 c - a ring of positive energy (left hand)
Scrolls
 e - a scroll of brand weapon {unknown}
 i - a scroll of vulnerability {unknown}
 n - a scroll of enchant weapon {unknown}
Potions
 d - a potion of heal wounds {unknown}
 f - a potion of brilliance {unknown}
 h - a potion of curing {unknown}
 k - a potion of berserk rage {unknown}
 m - a potion of cancellation {unknown}


   Skills:
 * Level 3.5 Fighting
 * Level 3.1 Axes
 * Level 2.6 Armour
 + Level 2.2 Dodging


You had 2 spell levels left.
You didn't know any spells.
Your spell library was empty.

Dungeon Overview and Level Annotations

Branches:
Dungeon (2/15)

Altars:


Innate Abilities, Weirdness & Mutations

You are partially covered in molten scales. (AC +2)


Message History

You hit the hobgoblin.
You kill the hobgoblin!
Trog accepts your kill.
No target in view!
No target in view!
No target in view!
No target in view!
No target in view!
No target in view!
No target in view!
Things that are here:
18 stones; a +0 leather armour 2 gnolls come into view.
The gnoll shouts! x2; You hear a shout!
A gnoll comes into view. It is wielding a +0 spear.
The gnoll moves out of view.
There are monsters nearby!
The gnoll closely misses you.
You hit the gnoll but do no damage. You barely miss the gnoll.
The gnoll closely misses you. The gnoll barely misses you. x2
The gnoll hits you but does no damage. The gnoll hits you with a +0 spear.
You barely miss the gnoll. You closely miss the gnoll. You hit the gnoll.
The gnoll hits you but does no damage. The gnoll hits you with a +0 flail.
The gnoll barely misses you.
You hit the gnoll.
The gnoll is heavily wounded.
You hit the gnoll. x2; The gnoll barely misses you.
The gnoll misses you. The gnoll hits you with a +0 spear.
You barely miss the gnoll.
The gnoll is heavily wounded.
You completely miss the gnoll. You barely miss the gnoll.
The gnoll closely misses you. The gnoll misses you.
The gnoll barely misses you.
You barely miss the gnoll.
The gnoll is heavily wounded.
You hit the gnoll but do no damage. x2; The gnoll barely misses you.
The gnoll hits you with a +0 flail!
* * * LOW HITPOINT WARNING * * *
The gnoll hits you with a +0 spear!
You die...

.# #.....# ###
.###.###.# #...
.'...# #.# #.#.#
.##### #.# #.#.#
# ## #(# #.#.#
##.# #.# #.#.#
...
#.###.#.###.##.#.
#.....#..gg......
#.###.#..@g....#
#.# #.#.###.####
#.###.......#
#.........###
#####.##### #.#
#.# #.# #.#


You could see 3 gnolls.

Vanquished Creatures
  A dart slug (D:2)
  3 endoplasms
  A giant cockroach (D:2)
  8 goblins
  5 hobgoblins
  7 jackals
  A quokka (D:1)
  5 ball pythons
  6 bats
  5 frilled lizards
  7 kobolds
  7 rats
56 creatures vanquished.

Notes
Turn   | Place    | Note
-------+----------+-------------------------------------------
     0 | D:1      | sammy202020 the Demonspawn Berserker began the quest for
                  | the Orb.
     0 | D:1      | Reached XP level 1. HP: 18/18 MP: 1/1
   529 | D:1      | Gained mutation: You are partially covered in molten
                  | scales. (AC +2) [demonic ancestry]
   529 | D:1      | Reached XP level 2. HP: 11/24 MP: 2/2
   929 | D:1      | Reached XP level 3. HP: 20/29 MP: 3/3
  1262 | D:2      | HP: 2/43 [frozen (5)]
  1570 | D:2      | Reached ** piety under Trog
  1939 | D:2      | Identified the +2 short sword "Purghytu" {antimagic, +Blink
                  | rC+++ Str+5 Dex-3}
  1943 | D:2      | Found a faded altar of an unknown god.
  2274 | D:2      | Slain by a gnoll

Illustrated notes

Levels and vault maps discovered:
D:1:      lightli_arrival_quake, layout_loops_corners, minmay_ruptured
D:2:      layout_basic, shapermc_ecumenical_altar_pompeii

Skill      XL: |  1  2 |
---------------+-------+-----
Armour         | 2 |  2.6
Axes           | 3 |  3.1
Dodging        | 2 |  2.2
Fighting       | |  3.5

Action                   || total
-------------------------++-------
Melee: Hand axe          ||   163
       Punch             ||     2
Invok: Berserk           ||     2
  Use: Scroll            ||     4
 Stab: Sleeping          ||     1
Armor: Animal skin       ||    53
Dodge: Dodged            ||   134

Table legend: (Time is in decaauts)
 A = Elapsed time spent in this place.
 B = Non-inter-level travel time spent in this place.
 C = Inter-level travel time spent in this place.
 D = Time resting spent in this place.
 E = Time spent auto-exploring this place.
 F = Levels seen in this place.
 G = Mean time per level.
                   A        B        C        D        E       F      G
               +--------+--------+--------+--------+--------+-----+--------+
         Total |   2320 |   2320 |      0 |    465 |   1439 |   2 | 1160.0 |
       Dungeon |   2320 |   2320 |      0 |    465 |   1439 |   2 | 1160.0 |
               +--------+--------+--------+--------+--------+-----+--------+

Top non-repeatable levels by time:
     D:1: 1252 daAuts
     D:2: 1068 daAuts
